AoeStats
← postvmas

Arabia

509688730Analyzed
1v1 RM · 5d ago on Sep 27, 2026· 48m 10s· 2 players
Game mode
Random Map
Map size
Tiny (2 player)
Population
200
Speed
Normal
Resources
Standard
Victory
Conquest
Starting age
Dark Age
Ending age
Imperial Age
RankedLock teamsTeams togetherTeam positionsShared explorationLock speedFull tech treeHidden civsTurbo modeCheats
Victory
Defeat
🇪🇸 Ethiopians · Spain
323
+13
🇨🇴 Varangians · Colombia
253
-13
Dupin6341
0:43 Loom
12:12 Feudal Age
15:36 Wheelbarrow
14:52 Man-at-Arms
16:02 Double-Bit Axe
17:09 Horse Collar
17:47 Scale Mail Armor
31:35 Forging
32:05 Bloodlines
37:01 Castle Age
36:21 Gold Mining
36:22 Stone Mining
37:25 Long Swordsman
38:30 Scale Barding Armor
38:58 Light Cavalry
40:51 Murder Holes
41:00 Fletching
41:00 Treadmill Crane
44:46 Vendel Legacy
postvmas
0:27 Loom
11:55 Feudal Age
13:59 Horse Collar
14:09 Double-Bit Axe
15:39 Stone Mining
15:40 Gold Mining
19:54 Wheelbarrow
26:46 Castle Age
27:31 Elite Skirmisher
35:45 Bow Saw
36:56 Hand Cart
36:56 Crossbowman
37:43 Thumb Ring
45:00 Imperial Age
47:44 Chemistry
Connection lost

Rejoining the realm…

Still unreachable

The connection could not be restored.

Session expired

The server has moved on; the page needs a fresh start.